 Dungeon Crawl Stone Soup version 0.30-a0-371-gad7725a93e (webtiles) character file.

Game seed: 6866101986824155587

190 mopl the Sneak (level 5, -1/24 HPs)
             Began as a Vine Stalker Enchanter on Nov 21, 2022.
             Succumbed to Crazy Yiuf's poison
             ... on level 3 of the Dungeon.
             The game lasted 00:02:50 (1781 turns).

mopl the Sneak (Vine Stalker Enchanter)             Turns: 1781, Time: 00:02:51

Health: -1/24      AC:  3    Str: 10    XL:     5   Next: 69%
Magic:  2/10       EV: 12    Int: 17    God:
Gold:   129        SH:  0    Dex: 15    Spells: 2/10 levels left

rFire   + . .      SeeInvis .    a - +1 dagger (speed)
rCold   + . .      Faith    .    (no shield)
rNeg    . . .      Spirit   +    b - +0 robe
rPois   +          Reflect  .    d - +0 helmet
rElec   +          Harm     .    (no cloak)
rCorr   +          Rampage  .    (no gloves)
Will    .....                    (no boots)
Stlth   +++.......               (no amulet)
HPRegen 1.04/turn                (no ring)
MPRegen 0.12/turn                (no ring)

@: lethally poisoned (-1 -> -7), resistant, attractive, invisible
A: fangs 2, regeneration 1, magic shield, antimagic bite, no potion heal 2
a: no special abilities


You were on level 3 of the Dungeon.
You visited 1 branch of the dungeon, and saw 3 of its levels.

You collected 129 gold pieces.

Inventory:

Hand Weapons
 a - a +1 dagger of speed (weapon)
 y - a +3 short sword
Missiles
 m - 2 poisoned darts (quivered)
 o - a throwing net
 q - 5 javelins
Armour
 b - a +0 robe (worn)
 d - a +0 helmet (worn)
Jewellery
 h - a ring of fire
Scrolls
 i - 2 scrolls of enchant weapon {unknown}
 k - 2 scrolls of blinking {unknown}
 l - 2 scrolls of fear {unknown}
 p - 2 scrolls of identify {unknown}
 r - a scroll of noise {unknown}
 s - a scroll of summoning {unknown}
 t - a scroll of immolation {unknown}
 v - a scroll of vulnerability {unknown}
 x - a scroll of teleportation {unknown}
Potions
 c - a potion of invisibility
 g - a potion of ambrosia {unknown}
 j - a potion of flight {unknown}
 n - a potion of heal wounds {unknown}
 u - a potion of berserk rage {unknown}
 w - a potion of cancellation {unknown}
 z - a potion of degeneration {unknown}


   Skills:
 + Level 2.2 Short Blades
 - Level 1.5 Dodging
 + Level 4.7 Stealth
 + Level 3.1 Spellcasting
 + Level 1.1 Conjurations
 + Level 3.8 Hexes
 + Level 1.7 Ice Magic


You had 2 spell levels left.
You knew the following spells:

 Your Spells              Type           Power      Damage    Failure   Level
a - Dazzling Flash        Conj/Hex       22%        N/A       19%         3
b - Ensorcelled Hibernat  Hex/Ice        24%        N/A       9%          2
d - Tukima's Dance        Hex            15%        N/A       11%         3

Your spell library contained the following spells:

 Spells                   Type           Power      Damage    Failure   Level
 Slow                     Hex            60%        N/A       3%          1
 Confusing Touch          Hex            15%        N/A       11%         3
 Vampiric Draining        Necr           2%         2d6       45%         3
 Manifold Assault         Tloc           2%         N/A       86%         4
 Dispersal                Tloc           1%         N/A       100%        6
 Disjunction              Tloc           1%         N/A       100%        8


Dungeon Overview and Level Annotations

Branches:
Dungeon (3/15)

Altars:
Yredelemnul

Annotations:
D:3 Crazy Yiuf


Innate Abilities, Weirdness & Mutations

You have extremely sharp teeth.
Your natural rate of healing is unusually fast.
When hurt, damage is shared between your health and your magic reserves.
Your bite disrupts and absorbs the magic of your enemies.
Potions cannot restore your health.


Message History

You see here a bat corpse.
Found a hammer.
Found a runed translucent door.
You open the door.
Crazy Yiuf shouts!
Crazy Yiuf says, "Aardvark!
Seed snail bush."
There is an open translucent door here.
Casting: Ensorcelled Hibernation (safe; 9% risk of failure)
Confirm with . or Enter, or press ? or * to list all spells.
The spell is quite dangerous to miscast (11% risk of failure)!
Continue anyway? [Y]es or [N]o only, please.
The spell is quite dangerous to miscast (11% risk of failure)!
Continue anyway?
Aiming: Tukima's Dance (quite dangerous; 11% risk of failure)
Press: ? - help, Shift-Dir - straight line, f - Crazy Yiuf
Aim: Crazy Yiuf, wielding a +3 quarterstaff of chaos and wearing a +0 cloak (chance to affect: 57%) Crazy Yiuf resists with significant effort.
Unknown command.
Casting: Tukima's Dance (quite dangerous; 11% risk of failure)
Confirm with . or Enter, or press ? or * to list all spells.
The spell is quite dangerous to miscast (11% risk of failure)!
Continue anyway?
Aiming: Tukima's Dance (quite dangerous; 11% risk of failure)
Press: ? - help, Shift-Dir - straight line, f/p - Crazy Yiuf
Aim: Crazy Yiuf, wielding a +3 quarterstaff of chaos and wearing a +0 cloak (chance to affect: 57%) Crazy Yiuf resists with significant effort.
Crazy Yiuf hits you with a +3 quarterstaff of chaos!
Ouch! That really hurt!
You are lethally poisoned!
You fade into invisibility!
* * * LOW HITPOINT WARNING * * *
You feel very sick. Crazy Yiuf closely misses you.
Unknown command.
* * * LOW HITPOINT WARNING * * *
You feel very sick.
It was a potion of attraction.
You feel attractive to monsters.
* * * LOW HITPOINT WARNING * * *
You feel very sick. Crazy Yiuf barely misses you.
It was a potion of resistance.
You feel protected.
You die...

#### ###### #)..### ##....###
#...g@####.......#
#...##..#........# ####
###.#.......# #######...# #...#
#########...# #'##........###
#################.##.#.#......#
...†...............>.#.####.#.#


You could see Crazy Yiuf (unable to see you).

Vanquished Creatures
  A water moccasin (D:3)
  An adder (D:2)
  3 dart slugs
  2 orcs (D:3)
  8 ball pythons
  6 endoplasms
  4 giant cockroaches
  4 goblins
  8 hobgoblins
  7 jackals (D:1)
  3 kobolds
  2 quokkas
  5 bats
  2 frilled lizards
  5 rats
61 creatures vanquished.

Notes
Turn   | Place    | Note
-------+----------+-------------------------------------------
     0 | D:1      | mopl the Vine Stalker Enchanter began the quest for the
                  | Orb.
     0 | D:1      | Reached XP level 1. HP: 9/9 MP: 4/4
    32 | D:1      | Reached skill level 1 in Short Blades
    54 | D:1      | Reached XP level 2. HP: 11/13 MP: 4/6
    88 | D:1      | Learned a level 2 spell: Ensorcelled Hibernation
   147 | D:1      | Reached skill level 4 in Stealth
   176 | D:1      | Reached XP level 3. HP: 13/16 MP: 4/7
   286 | D:1      | Learned a level 3 spell: Tukima's Dance
   378 | D:1      | Found a faded altar of an unknown god.
   956 | D:2      | Found a basalt altar of Yredelemnul.
  1018 | D:2      | Reached skill level 1 in Ice Magic
  1018 | D:2      | Gained mutation: Your natural rate of healing is unusually
                  | fast. [Vine Stalker growth]
  1018 | D:2      | Reached XP level 4. HP: 21/21 MP: 9/9
  1077 | D:2      | Learned a level 3 spell: Dazzling Flash
  1688 | D:3      | Noticed a water moccasin
  1694 | D:3      | Killed a water moccasin
  1695 | D:3      | Reached skill level 2 in Short Blades
  1695 | D:3      | Reached skill level 3 in Spellcasting
  1695 | D:3      | Reached skill level 1 in Conjurations
  1695 | D:3      | Reached XP level 5. HP: 24/24 MP: 5/10
  1770 | D:3      | Found a runed translucent door.
  1771 | D:3      | Noticed Crazy Yiuf
  1780 | D:3      | HP: 1/24 [poisoned by Crazy Yiuf]
  1781 | D:3      | Succumbed to Crazy Yiuf's poison

Illustrated notes

Levels and vault maps discovered:
D:1:      giann_forest_graveyard, layout_basic,
          shapermc_ecumenical_altar_notcrosses, kennysheep_boxes
D:2:      layout_basic, basic_altar
D:3:      minmay_inner_zag, layout_basic, minmay_misc_feat_rugged,
          uniq_crazy_yiuf_cottage

Skill      XL: |  1  2  3  4 |
---------------+-------------+-----
Short Blades   | 1 2 |  2.2
Stealth        | 4 |  4.7
Ice Magic      | 1 |  1.7
Spellcasting   | 3 |  3.1
Conjurations   | 1 |  1.1
Dodging        | |  1.5
Hexes          | |  3.8

Action                   |  1- 3 |  4- 6 || total
-------------------------+-------+-------++-------
Melee: Dagger            |   130 |    42 ||   172
       Bite              |    24 |     5 ||    29
       Punch             |     1 |     1 ||     2
 Cast: Ensorcelled Hiber |     1 |     2 ||     3
       Tukima's Dance    |       |     2 ||     2
  Use: Potion            |       |     3 ||     3
 Stab: Sleeping          |    16 |     8 ||    24
Armor: Robe              |    32 |     4 ||    36
Dodge: Dodged            |    75 |    17 ||    92

Table legend: (Time is in decaauts)
 A = Elapsed time spent in this place.
 B = Non-inter-level travel time spent in this place.
 C = Inter-level travel time spent in this place.
 D = Time resting spent in this place.
 E = Time spent auto-exploring this place.
 F = Levels seen in this place.
 G = Mean time per level.
                   A        B        C        D        E       F      G
               +--------+--------+--------+--------+--------+-----+--------+
         Total |   1739 |   1700 |     39 |     44 |   1233 |   3 |  579.7 |
       Dungeon |   1739 |   1700 |     39 |     44 |   1233 |   3 |  579.7 |
               +--------+--------+--------+--------+--------+-----+--------+

Top non-repeatable levels by time:
     D:2: 834 daAuts
     D:1: 695 daAuts
     D:3: 209 daAuts
